 Seeded DCSS version 0.28-a0-1567-g1695149f81 (webtiles) character file.

Game seed: 153 (custom seed)

28 knot the Chopper (level 3, 19/29 HPs)
             Began as a Demonspawn Berserker on Jan 19, 2022.
             Was a Follower of Trog.
             Quit the game on level 1 of the Dungeon.
             The game lasted 00:00:40 (753 turns).

knot the Chopper (Demonspawn Berserker)              Turns: 753, Time: 00:00:41

Health: 19/29      AC:  5    Str: 17    XL:     3   Next: 0%
Magic:  3/3        EV: 11    Int: 10    God:    Trog [*.....]
Gold:   21         SH:  0    Dex: 12    Spells: 2/2 levels left

rFire   . . .      SeeInvis .   a - +0 hand axe
rCold   . . .      Faith    .   (no shield)
rNeg    . . .      Spirit   .   h - +0 ring mail
rPois   .          Reflect  .   (no helmet)
rElec   .          Harm     .   (no cloak)
rCorr   .          Rampage  .   (no gloves)
Will    .....                   (no boots)
Stlth   +.........              (no amulet)
HPRegen 0.09/turn               (no ring)
MPRegen 0.16/turn               (no ring)

@: no status effects
A: foul stench 1, magic regeneration
a: Renounce Religion, Berserk


You were on level 1 of the Dungeon.
You worshipped Trog.
Trog was aware of your devotion.
You visited 1 branch of the dungeon, and saw 1 of its levels.

You collected 21 gold pieces.

Inventory:

Hand Weapons
 a - a +0 hand axe (weapon)
Missiles
 e - 23 stones (quivered)
 f - 5 poisoned darts
 i - 13 sling bullets
Armour
 b - a +0 animal skin
 h - a +0 ring mail (worn)
Scrolls
 c - a scroll of identify {unknown}
 j - a scroll of enchant weapon {unknown}
Potions
 d - a potion of resistance {unknown}
 g - a potion of lignification {unknown}


   Skills:
 - Level 3.0 Fighting
 + Level 3.8 Axes
 - Level 1.7 Armour
 - Level 1.7 Dodging


You had 2 spell levels left.
You didn't know any spells.
Your spell library contained the following spells:

 Spells                   Type           Power      Damage    Failure   Level
 Tukima's Dance           Hex            0%         N/A       90%         3
 Anguish                  Hex/Necr       0%         N/A       100%        4
 Enfeeble                 Hex            0%         N/A       100%        7


Dungeon Overview and Level Annotations

Branches:
Dungeon (1/15)

Altars:


Innate Abilities, Weirdness & Mutations

You may rarely emit foul miasma when damaged in melee.
You regenerate magic rapidly.


Message History

No target in view!
Found a pair of boots.
No target in view!
No target in view!
No target in view!
No target in view!
A ball python comes into view.
Found a scroll labelled ORCHUX RYAMAR.
Found 28 stones.
You hit the ball python.
The ball python is severely wounded.
The ball python barely misses you. The ball python grabs you.
The ball python constricts you.
You hit the ball python.
You kill the ball python!
Trog accepts your kill.
A gnoll and a bat come into view.
The bat hits you but does no damage.
You hit the bat.
The bat is heavily wounded.
The bat closely misses you. The bat hits you but does no damage.
The gnoll hits you with a +0 club.
You hit the bat.
The bat is severely wounded.
You hit the gnoll but do no damage. The bat barely misses you.
The gnoll barely misses you.
You closely miss the bat.
The bat is severely wounded.
You hit the gnoll. The bat hits you but does no damage.
The gnoll barely misses you.
You hit the bat.
You kill the bat!
Trog accepts your kill.
You hit the gnoll but do no damage. The gnoll hits you with a +0 club.
You have reached level 3!
Your experience leads to an increase in your attributes!
Increase (S)trength, (I)ntelligence, or (D)exterity?
You feel clever. x2; Your demonic ancestry asserts itself...
You begin to emit a foul stench of rot and decay.
Are you sure you want to abandon this character and quit the game? (Confirm with "yes".)

........# #.........#
#... ........#
#.........######.
######### #
######........... #.
....#....#######
#.#+####......#......
#..(..##..........##.
#.#.....##......(...##.
#...................##.
####..@.#...........##.
.....?..g+...........##.
..###.[..###.........###
#.....+...###.......
#.....##### #.#######
#.....# #.# #.....# #.#
#.....# #.


You could see a gnoll.

Vanquished Creatures
  A dart slug (D:1)
  3 ball pythons (D:1)
  2 bats (D:1)
  2 giant cockroaches (D:1)
  3 goblins (D:1)
  4 jackals (D:1)
  4 kobolds (D:1)
  4 rats (D:1)
23 creatures vanquished.

Notes
Turn   | Place    | Note
-------+----------+-------------------------------------------
     0 | D:1      | knot the Demonspawn Berserker began the quest for the Orb.
     0 | D:1      | Reached XP level 1. HP: 18/18 MP: 1/1
   322 | D:1      | Gained mutation: You regenerate magic rapidly. [demonic
                  | ancestry]
   322 | D:1      | Reached XP level 2. HP: 19/24 MP: 2/2
   753 | D:1      | Gained mutation: You may rarely emit foul miasma when
                  | damaged in melee. [demonic ancestry]
   753 | D:1      | Reached XP level 3. HP: 19/29 MP: 3/3
   753 | D:1      | Quit the game

Illustrated notes

Levels and vault maps discovered:
D:1:      dpeg_arrival_boxes_within_box, layout_basic, amethyst_killhole,
          minmay_tall_x

Skill      XL: |  1 |
---------------+----+-----
Axes           | 3 |  3.8
Fighting       | |  3.0
Armour         | |  1.7
Dodging        | |  1.7

Action                   || total
-------------------------++-------
Melee: Hand axe          ||    58
       Punch             ||     1
Invok: Berserk           ||     1
Armor: Animal skin       ||    17
       Ring mail         ||     3
Dodge: Dodged            ||    50

Table legend: (Time is in decaauts)
 A = Elapsed time spent in this place.
 B = Non-inter-level travel time spent in this place.
 C = Inter-level travel time spent in this place.
 D = Time resting spent in this place.
 E = Time spent auto-exploring this place.
 F = Levels seen in this place.
 G = Mean time per level.
                   A        B        C        D        E       F      G
               +--------+--------+--------+--------+--------+-----+--------+
         Total |    768 |    768 |      0 |     76 |    549 |   1 |  768.0 |
       Dungeon |    768 |    768 |      0 |     76 |    549 |   1 |  768.0 |
               +--------+--------+--------+--------+--------+-----+--------+

Top non-repeatable levels by time:
     D:1: 768 daAuts
